 Dungeon Crawl Stone Soup version 0.31.0-12-g77e489cdc1 (webtiles) character file.

Game seed: 14752643654481316464

8313 hawla the Protected (level 11, -3/84 HPs)
             Began as a Minotaur Fighter on Feb 11, 2024.
             Was a Priest of Makhleb.
             Killed from afar by an acid dragon (13 damage)
             ... with a splash of acid
             ... on level 9 of the Dungeon.
             The game lasted 00:24:58 (9601 turns).

hawla the Protected (Minotaur Fighter)              Turns: 9601, Time: 00:24:58

Health: -3/84      AC: 17    Str: 26    XL:     11   Next: 8%
Magic:  0/5        EV:  7    Int:  9    God:    Makhleb [***...]
Gold:   241        SH:  4    Dex:  4    Spells: 10/10 levels left

rFire   + + .        j - +2 short sword of Baffimy {antimagic, rF+ Int+2 Dex-5}
rCold   + . .        c - +0 buckler
rNeg    . . .        v - +0 plate armour
rPois   +            (helmet restricted)
rElec   .            t - +0 cloak of Dishonour {rPois Int+2 Slay+2}
rCorr   .            (no gloves)
SInv    .            i - +0 pair of boots
Will    .....        e - amulet of guardian spirit Stlth
                     A - ring of protection from fire
HPRegen 0.34/turn    r - ring of protection from cold
MPRegen 0.09/turn

%: guardian spirit
@: about to teleport
A: horns 2, retaliatory headbutt
a: Renounce Religion, Minor Destruction, Lesser Servant of Makhleb


You were on level 9 of the Dungeon.
You worshipped Makhleb.
Makhleb was most pleased with you.
You visited 3 branches of the dungeon, and saw 11 of its levels.

You collected 515 gold pieces.
You spent 274 gold pieces at shops.

Inventory:

Hand Weapons
 j - the +2 short sword of Baffimy (weapon) {antimagic, rF+ Int+2 Dex-5}
   (You bought it in a shop on level 6 of the Dungeon)

   Int+2:     It affects your intelligence (+2).
   Dex-5:     It affects your dexterity (-5).
   rF+:       It protects you from fire.
 l - a +0 scimitar of flaming
 q - a +2 flail of holy wrath
Missiles
 s - 4 atropa-tipped darts
 y - 6 poisoned darts (quivered)
Armour
 c - a +0 buckler (worn)
 i - a +0 pair of boots (worn)
 t - the +0 cloak of Dishonour (worn) {rPois Int+2 Slay+2}
   (You found it on level 5 of the Dungeon)

   Int+2:     It affects your intelligence (+2).
   Slay+2:    It affects your accuracy & damage with ranged weapons and melee
   (+2).
   rPois:     It protects you from poison
 v - a +0 plate armour (worn)
Jewellery
 e - an amulet of guardian spirit (around neck)
 f - a ring of poison resistance
 g - a ring of magical power
 p - a ring of protection from cold
 r - a ring of protection from cold (right hand)
 A - a ring of protection from fire (left hand)
Wands
 o - a wand of iceblast (3)
 x - a wand of digging (7)
Scrolls
 a - a scroll of identify
 d - a scroll of revelation
 h - a scroll of teleportation
 k - 3 scrolls of amnesia
Potions
 b - a potion of invisibility
 m - a potion of enlightenment
 u - a potion of haste


   Skills:
 - Level 4.0 Fighting
 + Level 6.3 Short Blades
 - Level 5.7 Maces & Flails
 - Level 6.0 Throwing
 - Level 10.4 Armour
 - Level 3.0 Dodging
 - Level 5.0 Shields
 - Level 10.0 Invocations
 - Level 4.0 Evocations


You had 10 spell levels left.
You didn't know any spells.
Your spell library was empty.

Dungeon Overview and Level Annotations

Branches:
Dungeon (9/15)             Temple (1/1) D:4            Lair (1/5) D:8
    Orc: D:9-12

Altars:
Ashenzari
Cheibriados
Dithmenos
Elyvilon
Fedhas
Gozag
Hepliaklqana
Kikubaaqudgha
Makhleb
Nemelex Xobeh
Okawaru
Qazlal
Ru
Sif Muna
Trog
Uskayaw
Vehumet
Wu Jian
Xom
Yredelemnul
Zin
The Shining One

Shops:
D:6 (   D:7 (   D:8 **

Annotations:
D:5 3 runed translucent doors, AbbaRin's ghost, novice DECj
D:7 2 transporters, bronco's ghost, novice DjEE


Innate Abilities, Weirdness & Mutations

You have a pair of horns on your head.
You reflexively headbutt those who attack you in melee.


Message History

The acid dragon is lightly wounded.
You hit the acid dragon but do no damage.
The acid dragon is lightly wounded.
You block the acid dragon's attack.
The acid dragon claws you but does no damage.
The gnoll hits you from afar with a +0 halberd.
Okay, then.
Okay, then.
Okay, then.
You closely miss the acid dragon.
The acid dragon is lightly wounded.
The acid dragon bites you. The acid dragon completely misses you.
The gnoll barely misses you.
You hit the acid dragon.
The acid dragon is moderately wounded.
You hit the acid dragon but do no damage.
You headbutt the acid dragon!
The acid dragon is heavily wounded.
The acid dragon bites you. The acid dragon claws you.
The gnoll hits you but does no damage.
You barely miss the acid dragon.
The acid dragon is heavily wounded.
The acid dragon bites you!
* * * LOW HITPOINT WARNING * * *
The acid dragon claws you but does no damage.
The gnoll hits you from afar with a +0 halberd.
* * * LOW HITPOINT WARNING * * *
As you read the scroll labelled TAHOGAOFOT, it crumbles to dust.
Your body is wracked with pain!
* * * LOW HITPOINT WARNING * * *
The acid dragon convulses!
The gnoll convulses! x2
It was a scroll of torment.
The acid dragon bites you.
* * * LOW HITPOINT WARNING * * *
The acid dragon claws you but does no damage.
You block the gnoll's attack.
As you read the scroll of teleportation, it crumbles to dust.
You feel strangely unstable. The acid dragon spits acid at you.
The splash of acid hits you!
You die...

.####:... ### ##.
#.... #.. ... ###..
./# $...#######. #..
g....(....>. #.#
g########### # #.#
.# ## #.####g##.# #.
#...@Dg.).# #.
######.#..# #######.
#####.#.............
#.....#D##########..
#.#####.# #.. #.#
#.# ### #.# #.#
###.### #.# #.....#
#.#


You could see an acid dragon (catching breath) and 2 gnolls.

Vanquished Creatures
  Erica (Lair:1)
  5 cane toads (Lair:1)
  A rime drake (Lair:1)
  2 komodo dragons (Lair:1)
  Grinder (D:3)
  3 blink frogs (Lair:1)
  Sigmund (D:6)
  A wyvern (Lair:1)
  8 yaks
  A basilisk (D:8)
  2 steam dragons
  4 water moccasins
  Duvessa (D:4)
  An orc warrior (D:8)
  A sky beast (D:8)
  3 black bears
  A centaur (D:8)
  A wyvern zombie (D:6)
  5 bullfrogs
  2 necrophages (D:6)
  A gnoll sergeant (D:9)
  A scorpion (D:7)
  Dowan (D:4)
  5 killer bees (D:8)
  2 bombardier beetles
  A hound (D:5)
  A gnoll bouda (D:6)
  4 orc priests
  A jelly (D:7)
  5 iguanas (D:6)
  2 sleepcaps
  7 orc wizards
  A killer bee zombie (D:6)
  2 howler monkey zombies (D:6)
  12 gnolls
  4 adders
  A shadow imp (D:8)
  2 white imps (D:6)
  2 ufetubi (D:7)
  3 dart slugs
  A ribbon worm (D:2)
  36 orcs
  8 bats
  7 endoplasms
  A giant cockroach (D:4)
  4 goblins
  8 hobgoblins
  10 jackals
  5 quokkas
  6 ball pythons
  4 frilled lizards
  A jackal zombie (D:2)
  7 kobolds
  A quokka zombie (D:2)
  7 rats
209 creatures vanquished.

Notes
Turn   | Place    | Note
-------+----------+-------------------------------------------
     0 | D:1      | hawla the Minotaur Fighter began the quest for the Orb.
     0 | D:1      | Reached XP level 1. HP: 19/19 MP: 0/0
   129 | D:1      | Reached XP level 2. HP: 24/27 MP: 1/1
   225 | D:1      | Found a faded altar of an unknown god.
   543 | D:1      | Reached XP level 3. HP: 33/33 MP: 2/2
  1286 | D:3      | Found a basalt altar of Yredelemnul.
  1358 | D:3      | Reached XP level 4. HP: 36/40 MP: 3/3
  1443 | D:3      | Noticed Grinder
  1451 | D:3      | Paralysed by Grinder for 4 turns
  1529 | D:3      | Found a sparkling altar of Nemelex Xobeh.
  1601 | D:3      | Paralysed by Grinder for 5 turns
  1620 | D:3      | Killed Grinder
  1621 | D:3      | Reached skill level 5 in Armour
  1621 | D:3      | Reached skill level 5 in Shields
  1621 | D:3      | Reached XP level 5. HP: 46/46 MP: 4/4
  1621 | D:3      | Reached XP level 6. HP: 52/52 MP: 5/5
  1920 | D:3      | Reached skill level 1 in Dodging
  2357 | D:4      | Noticed Duvessa
  2358 | D:4      | Noticed Dowan
  2644 | D:4      | Killed Duvessa
  2645 | D:4      | Reached skill level 1 in Evocations
  2653 | D:4      | Killed Dowan
  2989 | D:4      | Found a staircase to the Ecumenical Temple.
  2997 | Temple   | Entered the Ecumenical Temple
  3017 | Temple   | Became a worshipper of Makhleb the Destroyer
  3233 | D:5      | Entered Level 5 of the Dungeon
  3336 | D:5      | Reached XP level 7. HP: 54/59 MP: 6/6
  3419 | D:5      | Found a broken altar of Ashenzari.
  3420 | D:5      | Found a glowing silver altar of Zin.
  3520 | D:5      | Found a runed translucent gate.
  3520 | D:5      | Found a runed translucent gate.
  3520 | D:5      | Found a runed translucent gate.
  3521 | D:5      | Noticed AbbaRin's ghost (novice DECj)
  3770 | D:5      | Found a white marble altar of Elyvilon.
  4102 | D:5      | Identified the +0 cloak of Dishonour {rPois Int+2 Slay+2}
  4546 | D:6      | Found a shadowy altar of Dithmenos.
  4607 | D:6      | Noticed a steam dragon
  4623 | D:6      | Killed a steam dragon
  4858 | D:6      | Reached XP level 8. HP: 64/66 MP: 7/7
  5071 | D:6      | Found a blossoming altar of Fedhas.
  5102 | D:6      | Found Dotaqiq's Antique Weapon Emporium.
  5110 | D:6      | Bought a crystal short sword for 224 gold pieces
  5110 | D:6      | Identified the +2 short sword of Baffimy {antimagic, rF+
                  | Int+2 Dex-5} (You bought it in a shop on level 6 of the
                  | Dungeon)
  5326 | D:6      | Reached * piety under Makhleb
  5678 | D:6      | Noticed Sigmund
  5688 | D:6      | Killed Sigmund
  5689 | D:6      | Reached skill level 10 in Armour
  5689 | D:6      | Reached skill level 1 in Throwing
  6144 | D:7      | Noticed bronco's ghost (novice DjEE)
  6145 | D:7      | Found a bloodstained altar of Trog.
  6159 | D:7      | Found a transporter.
  6162 | D:7      | Found a transporter.
  6163 | D:7      | Noticed a troll
  6368 | D:7      | Reached XP level 9. HP: 70/71 MP: 8/8
  6772 | D:7      | Noticed a moth of wrath
  6833 | D:7      | Found Qiatzoh's Weapon Boutique.
  6842 | D:7      | Bought 4 atropa-tipped darts for 50 gold pieces
  6887 | D:8      | Reached skill level 5 in Throwing
  6950 | D:8      | Found a staircase to the Lair.
  6951 | D:8      | Noticed a komodo dragon
  6969 | Lair:1   | Entered Level 1 of the Lair of Beasts
  6969 | Lair:1   | Noticed a komodo dragon
  6973 | Lair:1   | Noticed a cane toad
  6986 | Lair:1   | Killed a cane toad
  6987 | Lair:1   | Reached skill level 1 in Invocations
  7010 | Lair:1   | Noticed a cane toad
  7012 | Lair:1   | Noticed a cane toad
  7013 | Lair:1   | Killed a cane toad
  7018 | Lair:1   | Noticed a cane toad
  7021 | Lair:1   | Killed a cane toad
  7022 | Lair:1   | Reached skill level 5 in Invocations
  7026 | Lair:1   | Killed a cane toad
  7151 | Lair:1   | Reached ** piety under Makhleb
  7159 | Lair:1   | Noticed a rime drake
  7167 | Lair:1   | Killed a rime drake
  7168 | Lair:1   | Reached XP level 10. HP: 16/78 MP: 3/14
  7452 | Lair:1   | Noticed a cane toad
  7460 | Lair:1   | Killed a cane toad
  7642 | Lair:1   | Noticed Erica
  8040 | Lair:1   | Reached skill level 10 in Invocations
  8126 | Lair:1   | Killed Erica
  8127 | Lair:1   | Reached skill level 5 in Maces & Flails
  8326 | Lair:1   | Reached skill level 1 in Short Blades
  8452 | D:8      | Found Cesacel's General Store.
  8455 | D:8      | Found Meamn's Specific Store.
  8796 | D:8      | Reached skill level 5 in Short Blades
  8810 | D:8      | Reached XP level 11. HP: 43/84 MP: 6/17
  9592 | D:9      | Reached *** piety under Makhleb
  9601 | D:9      | Killed from afar by an acid dragon

Illustrated notes

Levels and vault maps discovered:
D:1:      minmay_arrival_up_and_down, layout_loops_ring,
          ebering_ecumenical_altar_rust, minmay_misc_feat_columns
D:2:      layout_basic, serial_undead, serial_undead_c, serial_undead_e,
          serial_undead_c, serial_undead_b
D:3:      layout_loops_corners, mainiacjoe_overflow_tiny_flanked,
          mainiacjoe_overflow_chevrons, solitary_fountain,
          minmay_fractal_squares_gapless_5, uniq_grinder
D:4:      layout_rooms, minmay_temple_entry_junction, serial_forest,
          infiniplex_forest_lined_2, infiniplex_forest_clump_medium,
          infiniplex_forest_corner_1, infiniplex_forest_join,
          infiniplex_forest_clump_diagonal, infiniplex_forest_lined_3,
          infiniplex_forest_lined_3_way, infiniplex_forest_clump_diagonal,
          infiniplex_forest_end_3, infiniplex_forest_diagonal, uniq_duvessa
D:5:      layout_basic, gammafunk_temple_overflow_forgotten,
          gammafunk_ghost_nasty_kobolds
D:6:      layout_basic, mainiacjoe_overflow_24_doors,
          fedhas_altar_decomposition, serial_shops, shop, minmay_liquid_box,
          uniq_sigmund
D:7:      layout_loops_cross, serial_shops, nicolae_lakefront_shop,
          gammafunk_ghost_wrathful_warriors
D:8:      layout_rooms, david_lair_shrubbed, serial_curves, eino_curves_02,
          eino_curves_03, st_stairs_6, nicolae_specific_store
D:9:      layout_loops_ring, david_orc_4
Temple:   hellmonk_temple_of_storms
Lair:1:   layout_hall_layers, lemuel_fruit_tree, uniq_erica, uniq_grum

Skill      XL: |  1  2  3  4  5  6  7  8  9 10 11 |
---------------+----------------------------------+-----
Shields        | 4 5 |  5.0
Fighting       | 4 |  4.0
Armour         | 4 5 7 10 | 10.4
Maces & Flails | 3 4 5 |  5.7
Dodging        | 3 |  3.0
Evocations     | 2 4 |  4.0
Throwing       | 4 6 |  6.0
Invocations    | 7 10 | 10.0
Short Blades   | 5 6 |  6.3

Action                     |  1- 3 |  4- 6 |  7- 9 | 10-12 || total
---------------------------+-------+-------+-------+-------++-------
  Melee: Flail             |    79 |   115 |   301 |    85 ||   580
         Headbutt          |    13 |    12 |    49 |    49 ||   123
         Short sword       |       |       |       |    89 ||    89
         Scimitar          |       |       |       |    84 ||    84
  Throw: Throwing net      |       |       |     1 |       ||     1
  Evoke: Wand              |       |     1 |    23 |    20 ||    44
    Use: Scroll            |     4 |     3 |     8 |     8 ||    23
         Potion            |       |     6 |     6 |     1 ||    13
   Stab: Paralysed         |       |       |     3 |     6 ||     9
 Armour: Scale mail        |    62 |    77 |       |       ||   139
         Skin              |       |     1 |       |       ||     1
         Chain mail        |       |     4 |   331 |   190 ||   525
         Plate armour      |       |       |       |    38 ||    38
  Dodge: Dodged            |    34 |    57 |   158 |    97 ||   346
  Block: Buckler           |    13 |    24 |    73 |    49 ||   159
